 Dungeon Crawl Stone Soup version 0.29.0-4-gdea44cf6ec (webtiles) character file.

Game seed: 17926298132021524194

65 qw the Chopper (level 3, 0/29 HPs)
             Began as a Demonspawn Cinder Acolyte on Sept 8, 2022.
             Was a High Priest of Ignis.
             Slain by a worm (2 damage)
             ... on level 2 of the Dungeon.
             The game lasted 00:00:38 (2028 turns).

qw the Chopper (Demonspawn Cinder Acolyte)          Turns: 2028, Time: 00:00:39

Health: 0/29       AC: 11    Str: 16    XL:     3   Next: 92%
Magic:  4/4        EV: 11    Int: 15    God:    Ignis [*****.]
Gold:   96         SH:  0    Dex:  8    Spells: 4/4 levels left

rFire   + . .      SeeInvis .   Y - -1 hand axe (freeze)
rCold   . . .      Faith    .   (no shield)
rNeg    . . .      Spirit   .   b - +0 robe
rPois   .          Reflect  .   (no helmet)
rElec   .          Harm     .   (no cloak)
rCorr   .          Rampage  .   (no gloves)
Will    .....                   (no boots)
Stlth   +.........              (no amulet)
HPRegen 0.09/turn               (no ring)
MPRegen 0.09/turn               (no ring)

@: fiery-armoured
A: molten scales 1, demonic magic 1
a: Renounce Religion, Fiery Armour, Foxfire Swarm, Rising Flame


You were on level 2 of the Dungeon.
You worshipped Ignis.
Ignis was extremely pleased with you.
You visited 1 branch of the dungeon, and saw 2 of its levels.

You collected 96 gold pieces.


Innate Abilities, Weirdness & Mutations

You are partially covered in molten scales. (AC +2)
Spells you cast may paralyse adjacent enemies.


   Skills:
 - Level 3.0 Fighting
 + Level 4.0 Axes
 - Level 1.5 Dodging
 - Level 1.0 Spellcasting
 - Level 2.6 Fire Magic


You had 4 spell levels left.
You didn't know any spells.
Your spell library contained the following spells:

 Spells                   Type           Power      Damage    Failure   Level
 Scorch                   Fire           16%        2d6       12%         2

Inventory:

Hand Weapons
 c - a +0 whip
 Y - a -1 hand axe of freezing (weapon)
Armour
 b - a +0 robe (worn)
 f - a +0 scale mail
 g - the +1 leather armour of Shadows and Fog {Will- Str+3 Int+2}
   (You found it on level 2 of the Dungeon)

   Str:       It affects your strength (+3).
   Int:       It affects your intelligence (+2).
   Will:      It decreases your willpower.
 m - a +2 cloak
Jewellery
 e - a ring of flight
Scrolls
 a - a scroll of immolation {unknown}
 l - a scroll of identify
 n - a scroll of blinking {unknown}
Potions
 d - a potion of magic {unknown}
 h - 3 potions of resistance
 i - a potion of attraction {unknown}
 j - a potion of degeneration {unknown}
 k - 2 potions of might {unknown}

Dungeon Overview and Level Annotations

Branches:
Dungeon (2/15)

Altars:
Ru

Shops:
D:1 :(


Message History

You barely miss the worm.
The worm is moderately wounded.
The worm bites you but does no damage.
You hit the worm. You freeze the worm.
The worm is heavily wounded.
The worm bites you.
You hit the worm but do no damage.
The worm is moderately wounded.
You hit the worm but do no damage.
The worm is moderately wounded.
The worm bites you but does no damage.
You hit the worm but do no damage.
The worm is moderately wounded.
You barely miss the worm.
The worm is moderately wounded.
The worm bites you.
You hit the worm. You freeze the worm. You punch the worm, but do no damage.
The worm is heavily wounded.
The worm closely misses you.
You hit the worm. You freeze the worm.
The worm is severely wounded.
You hit the worm. You freeze the worm.
The worm is almost dead.
The worm bites you!
2024 ||| INVOKING Fiery Armour.
A protective cloak of flame settles atop you.
You hit the worm but do no damage.
The worm is severely wounded.
The worm barely misses you.
You barely miss the worm.
The worm is severely wounded.
The worm bites you!
The worm is burned by your cloak of flames.
The worm is almost dead.
You hit the worm but do no damage.
The worm is almost dead.
You hit the worm but do no damage.
The worm is almost dead.
The worm bites you.
You die...

.... .. ... .. .##..# ##
.. ...... .. .. ......#
###. .# ....... #..
#####.# .......###.#
#.....# ......w@##.####
#.....#
......#.......####.....#
..... ####.............#
#### ###..#.####.....#
#..........[[...#
#.#..##..#.....)#
####.#........#+##..
#...................
#######.###...###.....###.


You could see a worm.

Vanquished Creatures
  Terence (D:2)
  2 dart slugs (D:1)
  3 ball pythons (D:1)
  A bat (D:2)
  3 endoplasms (D:1)
  2 giant cockroaches
  2 goblins (D:1)
  4 hobgoblins (D:1)
  3 jackals (D:1)
  A quokka (D:1)
  2 frilled lizards (D:1)
  5 kobolds
  A rat (D:1)
30 creatures vanquished.

Notes
Turn   | Place    | Note
-------+----------+-------------------------------------------
     0 | D:1      | qw the Demonspawn Cinder Acolyte began the quest for the
                  | Orb.
     0 | D:1      | Reached XP level 1. HP: 18/18 MP: 2/2
     0 | D:1      | 0 ||| qw: Version: 0.1-a-112-g44dc6cd
     0 | D:1      | 0 ||| qw: Game counter: 6722
     0 | D:1      | 0 ||| qw: Always use a shield: true
     0 | D:1      | 0 ||| qw: God list: Okawaru
     0 | D:1      | 0 ||| qw: Allow faded altars: false
     0 | D:1      | 0 ||| qw: Do Orc after D:15 true
     0 | D:1      | 0 ||| qw: Do second Lair branch before Depths: true
     0 | D:1      | 0 ||| qw: Lair rune preference: random
     0 | D:1      | 0 ||| qw: Plans: Normal
     0 | D:1      | 0 ||| PLANNING D:1-11
   159 | D:1      | 159 ||| Stepping ~*~*~tactically~*~*~ (stealth).
   163 | D:1      | Reached skill level 3 in Axes
   245 | D:1      | Gained mutation: Spells you cast may paralyse adjacent
                  | enemies. [demonic ancestry]
   245 | D:1      | Reached XP level 2. HP: 21/24 MP: 3/3
   288 | D:1      | 288 ||| Stepping ~*~*~tactically~*~*~ (hiding).
   983 | D:1      | Gained mutation: You are partially covered in molten
                  | scales. (AC +2) [demonic ancestry]
   983 | D:1      | Reached XP level 3. HP: 29/29 MP: 4/4
  1023 | D:1      | Found Gichampikk's Book Shoppe.
  1033 | D:1      | Found Oxelos's Weapon Boutique.
  1334 | D:1      | 1334 ||| READING scroll labelled DAG VOELUIREGA.
  1413 | D:1      | 1413 ||| DROPPING +0 club.
  1414 | D:1      | 1414 ||| READING scroll labelled JEOHYE QEBLIMM.
  1419 | D:1      | 1419 ||| READING 2 scrolls labelled LELEZE YGHEVAQ.
  1420 | D:1      | 1420 ||| READING scroll labelled VIVVIU KILEECI.
  1421 | D:1      | 1421 ||| READING scroll labelled BAMUSO PIJEULI.
  1422 | D:1      | 1422 ||| DRINKING 2 fuming sapphire potions.
  1523 | D:1      | 1523 ||| DRINKING 2 glowing emerald potions.
  1524 | D:1      | 1524 ||| DROPPING potion of ambrosia.
  1525 | D:1      | 1525 ||| DROPPING scroll of amnesia.
  1702 | D:2      | Reached skill level 4 in Axes
  1702 | D:2      | Noticed Terence
  1703 | D:2      | 1703 ||| Stepping ~*~*~tactically~*~*~ (hiding).
  1712 | D:2      | Killed Terence
  1713 | D:2      | Reached skill level 1 in Dodging
  1747 | D:2      | 1747 ||| FLEEEEING.
  1823 | D:2      | Identified the +1 leather armour of Shadows and Fog {Will-
                  | Str+3 Int+2}
  1919 | D:2      | Found a sacrificial altar of Ru.
  2024 | D:2      | 2024 ||| INVOKING Fiery Armour.
  2026 | D:2      | HP: 2/29 [worm (7)]
  2028 | D:2      | Slain by a worm

Levels and vault maps discovered:
D:1:      dpeg_arrival_snail, layout_basic, serial_shops,
          nicolae_shop_advertising_works [nicolae_subvault_shop_adworks], shop
D:2:      layout_basic, basic_altar, uniq_terence

Skill      XL: |  1  2  3 |
---------------+----------+-----
Axes           | 3 4 |  4.0
Dodging        | 1 |  1.5
Fighting       | |  3.0
Spellcasting   | |  1.0
Fire Magic     | |  2.6

Action                   || total
-------------------------++-------
Melee: Hand axe          ||   101
       Punch             ||     1
Invok: Fiery Armour      ||     1
  Use: Scroll            ||     5
       Potion            ||     2
Armor: Robe              ||    22
Dodge: Dodged            ||    38

Table legend:
 A = Non-vault XP
 B = Vault XP
 C = Vault XP percentage of total XP
 D = Non-vault monster count
 E = Vault monster count
 F = Vault count percentage of total count
                 A         B        C        D         E       F
            +---------+---------+-------+---------+---------+-------
      Total |      55 |      38 |  40.9 |      29 |       1 |   3.3
            +---------+---------+-------+---------+---------+-------
        D:1 |      50 |       0 |   0.0 |      26 |       0 |   0.0
        D:2 |       5 |      38 |  88.4 |       3 |       1 |  25.0
            +---------+---------+-------+---------+---------+-------
